 Dungeon Crawl Stone Soup version 0.29.1-15-g9cfb28693d (webtiles) character file.

Game seed: 4694864979165057925

53 Sanktem7 the Trooper (level 3, -4/34 HPs)
             Began as a Minotaur Fighter on Mar 9, 2023.
             Killed by nerve-wracking pain
             ... invoked by Grinder
              (12 damage)
             ... on level 3 of the Dungeon.
             The game lasted 00:03:08 (1342 turns).

Sanktem7 the Trooper (Minotaur Fighter)             Turns: 1342, Time: 00:03:09

Health: -4/34      AC:  8    Str: 22    XL:     3   Next: 62%
Magic:  2/2        EV:  9    Int:  5    God:
Gold:   77         SH:  4    Dex:  9    Spells: 2/2 levels left

rFire   . . .      SeeInvis .   a - +0 war axe {axe}
rCold   . . .      Faith    .   c - +0 buckler
rNeg    . . .      Spirit   .   b - +0 scale mail
rPois   .          Reflect  .   (helmet restricted)
rElec   .          Harm     .   (no cloak)
rCorr   .          Rampage  .   (no gloves)
Will    .....                   i - +0 pair of boots
Stlth   ..........              (no amulet)
HPRegen 0.11/turn               (no ring)
MPRegen 0.08/turn               (no ring)

@: no status effects
A: horns 2, retaliatory headbutt
a: no special abilities


You were on level 3 of the Dungeon.
You visited 1 branch of the dungeon, and saw 3 of its levels.

You collected 77 gold pieces.


Innate Abilities, Weirdness & Mutations

You have a pair of horns on your head.
You reflexively headbutt those who attack you in melee.


   Skills:
 * Level 4.4 Fighting
 * Level 3.4 Axes
 + Level 1.2 Throwing
 + Level 3.9 Armour
 - Level 3.6 Shields


You had 2 spell levels left.
You didn't know any spells.
Your spell library contained the following spells:

 Spells                   Type           Power      Damage    Failure   Level
 Sandblast                Erth           0%         2d4       87%         1
 Passwall                 Tmut/Erth      0%         N/A       95%         2
 Stone Arrow              Conj/Erth      0%         3d7       99%         3

Inventory:

Hand Weapons
 a - a +0 war axe (weapon) {axe}
Missiles
 e - 5 stones (quivered) {throwing}
Armour
 b - a +0 scale mail (worn)
 c - a +0 buckler (worn)
 i - a +0 pair of boots (worn)
   (You found it on level 1 of the Dungeon)
Scrolls
 g - a scroll of summoning {unknown}
 h - a scroll of identify {unknown}
 o - a scroll of acquirement {unknown}
 p - a scroll of butterflies {unknown}
Potions
 d - a potion of might
 f - 2 potions of mutation {unknown}
 j - a potion of lignification {unknown}
 k - 2 potions of heal wounds {unknown}
 l - a potion of berserk rage {unknown}
 m - a potion of resistance {unknown}
 n - 2 potions of degeneration {unknown}

Dungeon Overview and Level Annotations

Branches:
Dungeon (3/15) Zot: 16625

Altars:

Annotations:
D:3 Grinder

### #.. #.. #.# #..#+#
..# #..##.## ..#
##..##.⌠.## ..#
#..##.....## ..#
#.##..@'†..#
..#########.#...#'#...#
.†..........'⌠.##.##.⌠+
.....#.#.##.#.##...# .#
...#...#.##.###.....# #
...##.......##..#.#.5#
##.###.#.##.#..##.##..#
##.. .........# #.#
#... ######........ ..#
####


You could see Grinder (fast).


Message History

😕 HP[+1]
You hear the slow rusting of a very distant drain.
Found an escape hatch in the ceiling. 😕 HP[+1] 😕 HP[+1] 😕 HP[+1] 😕 HP[+1]
You see here a +0 whip {mace}. 😕 HP[+1] 😎 HP[+1]
Your hp is fully restored (34).
You hear the slow rusting of a very distant drain.
There is a stone staircase leading up here.
A frilled lizard comes into view.
The frilled lizard hisses angrily.
You closely miss the frilled lizard. The frilled lizard closely misses you.
You block the frilled lizard's attack.
You hit the frilled lizard.
You kill the frilled lizard!
You see here a frilled lizard corpse.
You hear the slow rusting of a distant drain.
You open the door.
There is an open door here.
There is a fountain of clear blue water here.
As you open the large door, it creaks loudly!
Grinder and a hobgoblin come into view.
The hobgoblin shouts!
There is a large open door here.
You completely miss the hobgoblin.
The hobgoblin hits you but does no damage.
Grinder drinks a potion.
Grinder seems to speed up.
You barely miss the hobgoblin. You headbutt the hobgoblin.
You kill the hobgoblin!
Grinder gestures at you.
You suddenly lose the ability to move!
Grinder gestures at you.
You shrug off the repeated paralysis!
You can move again.
There is a large open door here.
You slash Grinder! You headbutt Grinder.
Grinder blinks!
Grinder hits you but does no damage.
Grinder blinks!
Grinder gestures at you.
You barely resist. Grinder barely misses you.
There is a large open door here.
You closely miss Grinder.
Grinder blinks!
Grinder blinks!
There is a large open door here.
Unknown command.
You closely miss Grinder. You headbutt Grinder, but do no damage.
You block Grinder's attack. Grinder barely misses you. You furiously retaliate!
You headbutt Grinder. You hit Grinder.
Grinder blinks!
Grinder hits you.
You writhe in agony. 😕 HP[-7]
You take 7 damage, and now have 27/34 hp.
MASSIVE DAMAGE!! (PAUSE)
You closely miss Grinder. Your headbutt misses Grinder.
Grinder hits you but does no damage. x2
You hit Grinder but do no damage. You headbutt Grinder! Grinder hits you.
You writhe in agony.
Grinder blinks! 😮 HP[-5]
You take 5 damage, and now have 22/34 hp.
You hit Grinder but do no damage. Your headbutt misses Grinder.
You block Grinder's attack. Grinder gestures at you.
You suddenly lose the ability to move!
Grinder hits you. x2
* * * LOW HITPOINT WARNING * * *
You can move again. 😨 HP[-8]
You take 8 damage, and now have 14/34 hp.
MASSIVE DAMAGE!! (PAUSE)
You closely miss Grinder. You block Grinder's attack. Grinder misses you.
You closely miss Grinder. Your headbutt misses Grinder.
Grinder hits you but does no damage. Grinder hits you.
* * * LOW HITPOINT WARNING * * *
You writhe in agony.
* * * LOW HITPOINT WARNING * * *
😨 HP[-3]
You take 3 damage, and now have 11/34 hp.
You closely miss Grinder.
Grinder completely misses you. x2 😨 HP[+1]
You hit Grinder. Grinder hits you but does no damage.
Grinder blinks!
Grinder gestures at you.
You suddenly lose the ability to move!
Grinder gestures at you. Pain shoots through your body!
* * * LOW HITPOINT WARNING * * *
Grinder hits you but does no damage.
You can move again. 😱 HP[-4]
You take 4 damage, and now have 8/34 hp.
You closely miss Grinder. Your headbutt misses Grinder.
Grinder hits you but does no damage.
Grinder blinks!
Unknown command.
Grinder gestures at you. Pain shoots through your body!
You die...

Skill      XL: |  1  2  3 |
---------------+----------+-----
Fighting       | 4 |  4.4
Axes           | 3 |  3.4
Throwing       | 1 |  1.2
Armour         | |  3.9
Shields        | |  3.6

Action                   || total
-------------------------++-------
Melee: War axe           ||    81
       Headbutt          ||     9
Armor: Scale mail        ||    52
Dodge: Dodged            ||    36
Block: Buckler           ||    16

Levels and vault maps discovered:
D:1:      lightli_molten_gateway, layout_rooms,
          shapermc_ecumenical_altar_pompeii
D:2:      layout_rooms
D:3:      layout_loops_cross, gup_sewer_entry_spiral, nrook_mini_backslash,
          grunt_decor_arrowhead, guppyfry_early_lair_pool, uniq_robin,
          uniq_grinder

Notes
Turn   | Place    | Note
-------+----------+-------------------------------------------
     0 | D:1      | Sanktem7 the Minotaur Fighter began the quest for the Orb.
     0 | D:1      | Reached XP level 1. HP: 19/19 MP: 0/0
     0 | D:1      | magus.rc [v1.9.6]
    77 | D:1      | You pick up a book of Geomancy and begin reading...
    77 | D:1      | You add the spells Sandblast, Passwall and Stone Arrow to
                  | your library.
    92 | D:1      | Reached XP level 2. HP: 26/27 MP: 1/1
   135 | D:1      | Reached skill level 4 in Fighting
   136 | D:1      | Reached skill level 3 in Axes
   568 | D:1      | Found a faded altar of an unknown god.
   858 | D:2      | Reached XP level 3. HP: 33/33 MP: 2/2
   905 | D:2      | Reached skill level 1 in Throwing
  1312 | D:3      | Noticed Grinder
  1316 | D:3      | Paralysed by Grinder for 2 turns
  1332 | D:3      | Paralysed by Grinder for 2 turns
  1338 | D:3      | Paralysed by Grinder for 3 turns
  1340 | D:3      | HP: 8/34 [Grinder/nerve-wracking pain (4)]
  1342 | D:3      | Killed from afar by Grinder

Vanquished Creatures
  An adder (D:3)
  A worm (D:2)
  A dart slug (D:3)
  6 endoplasms
  A giant cockroach (D:1)
  A goblin (D:1)
  3 hobgoblins
  A quokka (D:1)
  6 ball pythons (D:1)
  6 bats
  4 frilled lizards
  5 kobolds
  4 rats
40 creatures vanquished.

Table legend:
 A = Non-vault XP
 B = Vault XP
 C = Vault XP percentage of total XP
 D = Non-vault monster count
 E = Vault monster count
 F = Vault count percentage of total count
                 A         B        C        D         E       F
            +---------+---------+-------+---------+---------+-------
      Total |      76 |       0 |   0.0 |      40 |       0 |   0.0
            +---------+---------+-------+---------+---------+-------
        D:1 |      36 |       0 |   0.0 |      25 |       0 |   0.0
        D:2 |      11 |       0 |   0.0 |       5 |       0 |   0.0
        D:3 |      29 |       0 |   0.0 |      10 |       0 |   0.0
            +---------+---------+-------+---------+---------+-------

Illustrated notes

Table legend:
 A = Kills in this place as a percentage of kills in entire the game.
 B = Kills by you in this place as a percentage of kills by you in the entire game.
 C = Kills by friends in this place as a percentage of kills by friends in the entire game.
 D = Other kills in this place as a percentage of other kills in the entire game.
 E = Experience gained in this place as a percentage of experience gained in the entire game.
 F = Experience gained in this place divided by the number of levels of this place that you have seen.
                   A       B       C       D       E      F
               +-------+-------+-------+-------+-------+----------------------
         Total | 100.0 | 100.0 |   N/A |   N/A | 100.0 |  25.3
       Dungeon | 100.0 | 100.0 |   N/A |   N/A | 100.0 |  25.3
               +-------+-------+-------+-------+-------+----------------------

Table legend: (Time is in decaauts)
 A = Elapsed time spent in this place.
 B = Non-inter-level travel time spent in this place.
 C = Inter-level travel time spent in this place.
 D = Time resting spent in this place.
 E = Time spent auto-exploring this place.
 F = Levels seen in this place.
 G = Mean time per level.
                   A        B        C        D        E       F      G
               +--------+--------+--------+--------+--------+-----+--------+
         Total |   1373 |   1344 |     29 |      0 |    915 |   3 |  457.7 |
       Dungeon |   1373 |   1344 |     29 |      0 |    915 |   3 |  457.7 |
               +--------+--------+--------+--------+--------+-----+--------+

Top non-repeatable levels by time:
     D:1: 678 daAuts
     D:2: 448 daAuts
     D:3: 246 daAuts
